 Dungeon Crawl Stone Soup version 0.26-a0-1222-g14533b3512 (webtiles) character file.

Game seed: 3877393027190469332

7662 pkoi the Fencer (level 10, -2/74 HPs)
             Began as a Minotaur Gladiator on Jan 1, 2021.
             Was an Elder of Okawaru.
             Slain by an unseen horror (7 damage)
             ... on level 11 of the Dungeon.
             The game lasted 00:12:42 (9675 turns).

pkoi the Fencer (Minotaur Gladiator)                Turns: 9675, Time: 00:12:42

Health: -2/74      AC:  9    Str: 21    XL:     10   Next: 99%
Magic:  7/9        EV: 19    Int:  5    God:    Okawaru [****..]
Gold:   711        SH:  0    Dex: 22    Spells: 9/9 levels left

rFire    . . .     SeeInvis .   I - +3 scimitar (freeze)
rCold    + . .     Faith    .   (no shield)
rNeg     + . .     Spirit   .   y - +1 leather armour "Qiarhuoc" {rC+ rN+ Will- Dex+9}
rPois    +         Reflect  .   c - +1 hat
rElec    .         Harm     .   w - +1 cloak {rPois}
rCorr    .         Rampage  .   h - +0 pair of gloves
Will     .....                  (no boots)
Stlth    +++.......             (no amulet)
HPRegen  0.22/turn              (no ring)
MPRegen  0.11/turn              (no ring)

@: about to teleport, heroism
A: retaliatory headbutt, horns 2
a: Renounce Religion, Heroism


You were on level 11 of the Dungeon.
You worshipped Okawaru.
Okawaru was greatly pleased with you.
You visited 2 branches of the dungeon, and saw 12 of its levels.

You collected 711 gold pieces.

Inventory:

Hand Weapons
 a - a +1 long sword
 n - the +14 obsidian axe {vorpal, +Fly SInv *Curse}
   (You found it on level 4 of the Dungeon)

   It inflicts extra damage upon your enemies.
   It lets you see invisible.
   It lets you fly.
   It curses itself when equipped.
 I - a +3 scimitar of freezing (weapon)
Missiles
 d - 5 throwing nets
 p - 7 poisoned darts (quivered)
Armour
 b - a +0 leather armour
 c - a +1 hat (worn)
 h - a +0 pair of gloves (worn)
 w - a +1 cloak of poison resistance (worn)
 y - the +1 leather armour "Qiarhuoc" (worn) {rC+ rN+ Will- Dex+9}
   (You found it on level 4 of the Dungeon)

   It affects your dexterity (+9).
   It protects you from cold.
   It protects you from negative energy.
   It affects your willpower, your defense against some magical effects.
Jewellery
 J - an uncursed ring of ice
Wands
 B - a wand of polymorph (5)
 D - a wand of acid (13)
 E - a wand of flame (36)
 H - a wand of random effects (13)
Scrolls
 e - 11 scrolls of teleportation
 g - 4 scrolls of enchant armour
 j - 2 scrolls of amnesia
 l - 10 scrolls of identify
 o - a scroll of enchant weapon
 u - 4 scrolls of remove curse
Potions
 f - a potion of haste {unknown}
 i - 2 potions of ambrosia {unknown}
 k - 5 potions of flight {unknown}
 m - 5 potions of invisibility {unknown}
 q - a potion of magic
 r - 4 potions of curing {unknown}
 s - a potion of cancellation {unknown}
 v - a potion of attraction {unknown}
 x - a potion of lignification {unknown}
 z - 3 potions of degeneration {unknown}
 A - a potion of might {unknown}
 C - a potion of heal wounds
 K - a potion of resistance {unknown}


   Skills:
 - Level 2.4(7.4) Fighting
 + Level 18.7(23.7) Long Blades
 - Level 2.0(7.0) Throwing
 - Level 3.2(8.2) Dodging


You had 9 spell levels left.
You didn't know any spells.
Your spell library contained the following spells:

 Spells                   Type           Power        Failure   Level
 Animate Skeleton         Necr           0%           52%         1
 Apportation              Tloc           0%           52%         1
 Corona                   Hex            0%           52%         1
 Summon Small Mammal      Summ           0%           52%         1
 Ensorcelled Hibernation  Hex/Ice        0%           67%         2
 Confusing Touch          Hex            0%           88%         3
 Dazzling Flash           Conj/Hex       0%           88%         3
 Gell's Gravitas          Tloc           0%           88%         3
 Tukima's Dance           Hex            0%           88%         3
 Petrify                  Tmut/Erth      0%           99%         4
 Metabolic Englaciation   Hex/Ice        0%           100%        5
 Yara's Violent Unravell  Hex/Tmut       0%           100%        5


Dungeon Overview and Level Annotations

Branches:
Dungeon (11/15)            Temple (1/1) D:7            Lair (0/6) D:11
    Orc (0/2) D:10

Altars:
Ashenzari
Cheibriados
Dithmenos
Elyvilon
Fedhas
Gozag
Hepliaklqana
Kikubaaqudgha
Makhleb
Nemelex Xobeh
Okawaru
Qazlal
Ru
Sif Muna
Trog
Uskayaw
Vehumet
Wu Jian
Xom
Yredelemnul
Zin
The Shining One

Shops:
D:5 :

Annotations:
D:5 2 transporters, Frask's ghost, amateur MiMo
D:7 Prince Ribbit


Innate Abilities, Weirdness & Mutations

You reflexively headbutt those who attack you in melee.
You have a pair of horns on your head.


Message History

You slash the orc warrior! You freeze the orc warrior.
You headbutt the orc warrior, but do no damage.
You punch the orc warrior, but do no damage.
The orc warrior is severely wounded.
Something hits you!
* * * LOW HITPOINT WARNING * * *
Something hits you.
* * * LOW HITPOINT WARNING * * *
You feel much better. Something hits you but does no damage.
The orc warrior hits you with a +0 long sword!
* * * LOW HITPOINT WARNING * * *
Something hits you.
* * * LOW HITPOINT WARNING * * *
Unknown command.
As you read the scroll of teleportation, it crumbles to dust.
You feel strangely unstable.
The orc warrior hits you with a +0 long sword!
* * * LOW HITPOINT WARNING * * *
Something hits you!
You die...

,,,,,,,** #....# #####.)..<.
,,,,,.#########...## #..........
,,,,,.......÷.)..######..........
,*,**#####........÷..##..........
,,,,* #####......###...>......
,,,,*** **#.o.##............##
,,,,,,*** *#...#o#*####........#
,,*,,,,,**#$.#.#o#***#.........#
,,***,,,.....#.#@#,,,..........#
,** **,.o.o.,F.#.#,***#........#
** *,,.o.>.,..#.#,* *,,,,,,,,* *
*,,.o..,...#.#,* ****,*****
*****,,....,...#..,* *,*
*,,,,,,,,,,,,,,#..** *,*
*,***,,,,,,,,,,#..* *,* *,*
**,,,,,,,,*#..# *,* ,,*
*,,,,,,,,,,*,,* *,*


You could see an orc warrior, an orc wizard and an orc.

Vanquished Creatures
  Fannar (D:10)
  2 two-headed ogres
  Pikel (D:7)
  A centaur skeleton (D:11)
  A kobold demonologist (D:10)
  A komodo dragon (D:11)
  A wyvern (D:7)
  2 water moccasins
  4 ice beasts
  2 orc warriors
  3 sky beasts
  2 black bears (D:6)
  An eye of draining (D:10)
  A phantom (D:10)
  3 ogres
  A centaur (D:7)
  A lemure (D:6)
  3 bullfrogs
  4 scorpions
  4 killer bees (D:10)
  9 wights
  2 bullfrog zombies
  5 orc priests
  6 jellies
  12 orc wizards
  A gnoll shaman (D:5)
  A bullfrog skeleton (D:5)
  2 hounds
  Crazy Yiuf (D:5)
  4 iguanas
  8 worker ants
  A hound zombie (D:5)
  3 gnolls (D:5)
  11 adders
  7 river rats (D:6)
  3 shadow imps
  A white imp (D:7)
  3 ufetubi
  An ooze (D:1)
  3 worms
  A dart slug (D:1)
  8 leopard geckos
  30 orcs
  9 bats
  2 giant cockroaches
  14 hobgoblins
  7 jackals
  15 quokkas
  5 ball pythons
  4 frilled lizards
  7 goblins
  10 kobolds
  4 quokka skeletons
  18 rats
257 creatures vanquished.

Vanquished Creatures (collateral kills)
  An orc warrior (D:8)
  A phantom (D:8)
  An orc priest (D:9)
  A white imp (D:8)
  2 orcs (D:8)
  A kobold (D:3)
7 creatures vanquished.

Vanquished Creatures (others)
  6 plants
6 creatures vanquished.

Grand Total: 270 creatures vanquished

Notes
Turn   | Place    | Note
-------+----------+-------------------------------------------
     0 | D:1      | pkoi the Minotaur Gladiator began the quest for the Orb.
     0 | D:1      | Reached XP level 1. HP: 18/18 MP: 0/0
    73 | D:1      | Reached skill level 4 in Long Blades
    99 | D:1      | Reached XP level 2. HP: 25/25 MP: 1/1
   442 | D:1      | Reached skill level 5 in Long Blades
   512 | D:1      | Reached XP level 3. HP: 29/30 MP: 2/2
  1084 | D:2      | Noticed an ice beast
  1319 | D:2      | You fall into a shaft and drop 2 floors!
  1319 | D:4      | Found a snail-covered altar of Cheibriados.
  1319 | D:4      | Found a sparkling altar of Nemelex Xobeh.
  1319 | D:4      | Found a stormy altar of Qazlal.
  1319 | D:4      | Found a shimmering blue altar of Sif Muna.
  1319 | D:4      | Found the cursed +14 obsidian axe {vorpal, +Fly SInv
                  | *Curse}
  1320 | D:4      | Noticed a scorpion
  1334 | D:4      | Killed a scorpion
  1335 | D:4      | Reached skill level 6 in Long Blades
  1335 | D:4      | Reached XP level 4. HP: 31/37 MP: 3/3
  1634 | D:3      | Reached XP level 5. HP: 42/42 MP: 4/4
  1646 | D:3      | Noticed an ogre
  1651 | D:3      | Killed an ogre
  1652 | D:3      | Reached skill level 7 in Long Blades
  1658 | D:3      | Reached skill level 8 in Long Blades
  1887 | D:3      | Reached XP level 6. HP: 45/50 MP: 5/5
  1921 | D:3      | Found a shimmering blue altar of Sif Muna.
  2033 | D:2      | Killed an ice beast
  2293 | D:2      | Reached skill level 9 in Long Blades
  2473 | D:2      | Found an opulent altar of Gozag.
  2473 | D:2      | Found a glowing silver altar of Zin.
  2733 | D:4      | You fall into a shaft and drop 3 floors!
  2772 | D:7      | Noticed Pikel
  2788 | D:6      | Reached XP level 7. HP: 17/56 MP: 6/6
  3039 | D:5      | Entered Level 5 of the Dungeon
  3061 | D:5      | Reached skill level 10 in Long Blades
  3293 | D:5      | Found a runed translucent door.
  3294 | D:5      | Noticed Crazy Yiuf
  3300 | D:5      | Killed Crazy Yiuf
  3552 | D:5      | Found the +4 Cigotuvi's embrace {rMiasma *Drain rN+}
  3552 | D:5      | Found a transporter.
  3552 | D:5      | Noticed Frask's ghost (amateur MiMo)
  3555 | D:5      | Found a transporter.
  3826 | D:5      | Reached skill level 11 in Long Blades
  3897 | D:5      | Found Umicick's Book Shoppe.
  4307 | D:4      | Got a bronze leather armour
  4318 | D:4      | Identified the cursed +1 leather armour "Qiarhuoc" {rC+ rN+
                  | Will- Dex+9} (You found it on level 4 of the Dungeon)
  4419 | D:6      | Reached XP level 8. HP: 62/62 MP: 7/7
  4427 | D:6      | Reached skill level 12 in Long Blades
  4657 | D:6      | Reached skill level 13 in Long Blades
  5229 | D:7      | Killed Pikel
  5230 | D:7      | Reached skill level 14 in Long Blades
  5230 | D:7      | Reached XP level 9. HP: 41/68 MP: 8/8
  5695 | D:7      | Reached skill level 15 in Long Blades
  5698 | D:7      | Found a staircase to the Ecumenical Temple.
  5711 | Temple   | Entered the Ecumenical Temple
  5908 | Temple   | Became a worshipper of Warmaster Okawaru
  6075 | D:7      | Noticed Prince Ribbit
  6243 | D:7      | Found a glowing golden altar of the Shining One.
  6619 | D:8      | Reached * piety under Okawaru
  6634 | D:8      | Reached skill level 16 in Long Blades
  6854 | D:9      | Found a blossoming altar of Fedhas.
  6858 | D:9      | Found a burning altar of Makhleb.
  7262 | D:9      | Noticed a two-headed ogre
  7272 | D:9      | Killed a two-headed ogre
  7272 | D:9      | Reached ** piety under Okawaru
  7273 | D:9      | Reached XP level 10. HP: 52/74 MP: 9/9
  7780 | D:10     | Entered Level 10 of the Dungeon
  8136 | D:10     | Reached skill level 17 in Long Blades
  8304 | D:10     | Found a staircase to the Orcish Mines.
  8645 | D:10     | Noticed Fannar
  8673 | D:10     | Killed Fannar
  9081 | D:10     | Reached skill level 18 in Long Blades
  9085 | D:10     | Reached *** piety under Okawaru
  9340 | D:11     | Found a staircase to the Lair.
  9362 | D:11     | Noticed a two-headed ogre
  9370 | D:11     | Killed a two-headed ogre
  9373 | D:11     | Reached **** piety under Okawaru
  9675 | D:11     | Slain by an unseen horror

Illustrated notes

Levels and vault maps discovered:
D:1:      erik_arrival_cave_to_civilisation [erik_arrival_cave_to_hall],
          layout_basic, serial_forest, infiniplex_forest_lined_3_way,
          infiniplex_forest_zigzag_2, infiniplex_forest_corner_1,
          infiniplex_forest_straight_2, infiniplex_forest_corner_1,
          infiniplex_forest_lined_room_3, infiniplex_forest_straight_2,
          infiniplex_forest_lined_3
D:2:      layout_basic, grunt_temple_overflow_gold_and_silver,
          roderic_serpentine_path, minmay_close_crescents
D:3:      layout_rooms, tgw_sif
D:4:      layout_rooms, grunt_temple_overflow_open, minmay_misc_feat_tower
D:5:      layout_rooms, gammafunk_ghost_arena, serial_shops,
          nicolae_shop_statue_plus, uniq_crazy_yiuf_cottage
D:6:      lemuel_ratsnest, layout_basic
D:7:      layout_rooms, minmay_temple_entry_junction,
          nicolae_tso_swordbearing_angel, uniq_pikel, uniq_prince_ribbit1
D:8:      layout_basic
D:9:      layout_basic, minitemple, serial_bayou, serial_bayou_crossing,
          serial_bayou_pond_d, serial_bayou_pond_a, serial_bayou_shore_b
D:10:     layout_stronghold, uniq_fannar
D:11:     layout_rooms, david_lair_shrubbed, amcnicky_altar_lugonu_corruption
Temple:   eino_narrow_crystal_temple

Skill      XL: |  1  2  3  4  5  6  7  8  9 10 |
---------------+-------------------------------+-----
Long Blades    | 4 5 6 8 9 11 14 16 18 | 18.7
Fighting       | |  2.4
Throwing       | |  2.0
Dodging        | |  3.2

Action                   |  1- 3 |  4- 6 |  7- 9 | 10-12 || total
-------------------------+-------+-------+-------+-------++-------
Melee: Long sword        |    60 |    22 |   235 |    45 ||   362
       Headbutt          |    11 |     7 |    69 |    42 ||   129
       Broad axe         |       |    50 |    27 |     2 ||    79
       Scimitar          |       |       |       |    90 ||    90
       Punch             |       |       |       |     1 ||     1
Throw: Dart              |       |     3 |       |       ||     3
Invok: Heroism           |       |       |       |     2 ||     2
  Use: Scroll            |       |     8 |     3 |     5 ||    16
       Potion            |       |       |       |     1 ||     1
 Stab: Sleeping          |       |       |       |     3 ||     3
Armor: Leather armour    |    15 |    14 |    81 |    32 ||   142
Dodge: Dodged            |    47 |    49 |   200 |    66 ||   362
       Rpst.: Long sword |     9 |     4 |    40 |    11 ||    64
       Scimitar          |       |       |       |     7 ||     7

Table legend: (Time is in decaauts)
 A = Elapsed time spent in this place.
 B = Non-inter-level travel time spent in this place.
 C = Inter-level travel time spent in this place.
 D = Time resting spent in this place.
 E = Time spent auto-exploring this place.
 F = Levels seen in this place.
 G = Mean time per level.
                   A        B        C        D        E       F      G
               +--------+--------+--------+--------+--------+-----+--------+
         Total |   9664 |   9274 |    390 |   1515 |   6229 |  12 |  805.3 |
       Dungeon |   9458 |   9095 |    363 |   1515 |   6052 |  11 |  859.8 |
        Temple |    205 |    178 |     27 |      0 |    177 |   1 |  205.0 |
               +--------+--------+--------+--------+--------+-----+--------+

Top non-repeatable levels by time:
    D:10: 1688 daAuts
     D:6: 1233 daAuts
     D:1: 1028 daAuts
     D:9: 982 daAuts
     D:5: 918 daAuts
     D:2: 896 daAuts
     D:7: 859 daAuts
     D:3: 657 daAuts
     D:4: 574 daAuts
     D:8: 452 daAuts
  Temple: 205 daAuts
    D:11: 167 daAuts
